 Dungeon Crawl Stone Soup version 0.21.1-1-g345015fe64 (webtiles) character file.

32 Nautrax the Firebug (level 3, -1/26 HPs)
             Began as a Draconian Fire Elementalist on June 11, 2018.
             Killed from afar by a rat (21 damage)
             ... with an exploding inner flame
             ... hexed by the player character
             ... on level 3 of the Dungeon.
             The game lasted 00:17:23 (1738 turns).

Nautrax the Firebug (Draconian Fire Elementalist)   Turns: 1738, Time: 00:17:23

Health: -1/26      AC:  7    Str: 10    XL:     3   Next: 10%
Magic:  5/6        EV: 12    Int: 16    God:
Gold:   68         SH:  0    Dex: 11    Spells: 3/6 levels left

rFire    . . .     SeeInvis .   p - +1 falchion
rCold    . . .     Gourm    .   (no shield)
rNeg     . . .     Faith    .   (armour unavailable)
rPois    .         Spirit   .   (helmet restricted)
rElec    .         Reflect  .   (no cloak)
rCorr    .         Harm     .   d - +1 pair of gloves
MR       .....                  (no boots)
Stlth    ++........             (no amulet)
HPRegen  0.08/turn              (no ring)
MPRegen  0.10/turn              (no ring)

@: no status effects
A: unfitting armour, cold-blooded, AC +5
a: no special abilities


You were on level 3 of the Dungeon.
You were not hungry.

You visited 1 branch of the dungeon, and saw 4 of its levels.

You collected 68 gold pieces.

Inventory:

Hand Weapons
 e - a +0 whip
 g - a +0 whip
 h - a +0 dagger
 j - a +0 club
 k - a +1 whip of electrocution
 o - a +0 short sword
 p - a +1 falchion (weapon)
 q - a +0 mace
 s - a +0 hand axe
 w - a +0 arbalest
 C - a +0 hunting sling
Missiles
 f - 28 arrows
 i - 6 needles of frenzy
Armour
 c - a +0 chain mail
 d - a +1 pair of gloves (worn)
 l - a cursed +0 chain mail
 v - a +0 ring mail
Scrolls
 r - 4 scrolls of identify
 t - 2 scrolls of teleportation
 u - a scroll of enchant weapon
 y - a scroll of remove curse
Potions
 m - 2 potions of resistance
 n - a potion of curing
 x - a potion of invisibility
 z - a potion of mutation
Books
 a - a book of Flames

   Spells                             Type                      Level
   a - Flame Tongue                   Conjuration/Fire             1
   b - Throw Flame                    Conjuration/Fire             2
   c - Conjure Flame                  Conjuration/Fire             3
   d - Inner Flame                    Hexes/Fire                   3
   e - Sticky Flame                   Conjuration/Fire             4
   f - Fireball                       Conjuration/Fire             5
Comestibles
 b - 8 rations


   Skills:
 + Level 1.9 Dodging
 + Level 2.0 Stealth
 + Level 2.2 Spellcasting
 - Level 1.0 Conjurations
 * Level 3.8 Fire Magic


You had 3 spell levels left.
You knew the following spells:

 Your Spells              Type           Power        Failure   Level  Hunger
a - Flame Tongue          Conj/Fire      #....        8%          1    #......
b - Throw Flame           Conj/Fire      #.....       11%         2    ###....


Dungeon Overview and Level Annotations

Branches:
Dungeon (4/15)
 Temple: D:4-7

Altars:
Ashenzari
Xom


Innate Abilities, Weirdness & Mutations

Your plain brown scales are hard. (AC +5)
You cannot fit into any form of body armour.
You are cold-blooded and may be slowed by cold attacks.


Message History

The jackal is severely wounded.
The rat completely misses you. The rat misses you.
Found a chain mail.
Casting: Flame Tongue
Confirm with . or Enter, or press ? or * to list all spells.
Aiming: Flame Tongue
Press: ? - help, Shift-Dir - straight line, f - jackal
Aim: a jackal (severely wounded, inner flame)
The flame tongue hits the jackal.
The jackal explodes!
The fiery explosion engulfs the jackal.
The jackal explodes!
The fiery explosion engulfs the rat.
You kill the rat!
The fiery explosion engulfs the rat.
The rat explodes!
The fiery explosion engulfs you!
Ouch! That really hurt!
You die...

##.## #.###
#.$.### #.#..
......
#.#.###...#
#####.#.##...#
.........g...#
#..§§§h.<.##
#..§§§§.(....#
##.§@§§...##.#
#....§...# #
#...#.##.###
#.###.##.# #.#
#.##.# ..#
#.##.# .# #.#
#.[


You could see a jackal (inner flame) and a hobgoblin (inner flame).

Vanquished Creatures
  An adder (D:2)
  An adder skeleton (D:2)
  A worm (D:2)
  A leopard gecko (D:2)
  2 giant cockroaches
  A goblin (D:1)
  A hobgoblin (D:2)
  3 kobolds
  2 frilled lizards
  7 rats
20 creatures vanquished.

Notes
Turn   | Place    | Note
-------+----------+-------------------------------------------
     0 | D:1      | Nautrax the Draconian Fire Elementalist began the quest for the Orb.
     0 | D:1      | Reached XP level 1. HP: 14/14 MP: 3/3
   662 | D:2      | Reached XP level 2. HP: 20/20 MP: 0/5
   763 | D:2      | Found a shimmering altar of Xom.
   763 | D:2      | Found a shimmering altar of Xom.
   763 | D:2      | Found a shimmering altar of Xom.
  1003 | D:2      | You fall through a shaft for 2 floors!
  1076 | D:4      | Found a shattered altar of Ashenzari.
  1409 | D:2      | Reached XP level 3. HP: 26/26 MP: 2/6
  1418 | D:2      | Learned a level 2 spell: Throw Flame
  1461 | D:2      | Found a faded altar of an unknown god.
  1738 | D:3      | Killed from afar by a rat

Skill      XL: |  1  2 |
---------------+-------+-----
Stealth        | 2 |  2.0
Dodging        | |  1.9
Spellcasting   | |  2.2
Conjurations   | |  1.0
Fire Magic     | |  3.8

Action                   || total
-------------------------++-------
Melee: Unarmed           ||    16
       Tailslap          ||     3
       Whip              ||    10
       Falchion          ||     3
 Cast: Flame Tongue      ||    26
  Use: Scroll            ||    12
  Eat: Chunk             ||     3
Armor: Skin              ||    36
Dodge: Dodged            ||    57
       Rpst.: Falchion   ||     4
